 Dungeon Crawl Stone Soup version 0.25-a0-447-gff83419037 (webtiles) character file.

Game seed: 11429046772363273182, levelgen mode: deterministic

4083 Archen the Cleaver (level 10, -2/90 HPs)
             Began as a Minotaur Berserker on Jan 31, 2020.
             Was a High Priest of Trog.
             Slain by a death yak (16 damage)
             ... on level 8 of the Dungeon.
             The game lasted 00:13:16 (6311 turns).

Archen the Cleaver (Minotaur Berserker)             Turns: 6311, Time: 00:13:17

Health: -2/90      AC: 13    Str: 24    XL:     10   Next: 5%
Magic:  9/9        EV: 10    Int:  4    God:    Trog [*****.]
Gold:   451        SH:  0    Dex: 13    Spells: 9/9 levels left

rFire    . . .     SeeInvis .   F - +4 broad axe (vorpal)
rCold    + . .     Gourm    .   (no shield)
rNeg     . . .     Faith    .   B - +0 plate armour
rPois    .         Spirit   .   (helmet restricted)
rElec    .         Reflect  .   (no cloak)
rCorr    .         Harm     .   (no gloves)
MR       .....                  (no boots)
Stlth    ..........             (no amulet)
HPRegen  0.25/turn              s - ring of protection from cold
MPRegen  0.11/turn              y - +2 ring of dexterity

@: berserk cooldown, slowed, lightly drained, very slow
A: retaliatory headbutt, horns 2
a: Berserk, Trog's Hand, Brothers in Arms, Renounce Religion


You were on level 8 of the Dungeon.
You worshipped Trog.
Trog was extremely pleased with you.
You were very hungry.

You visited 1 branch of the dungeon, and saw 8 of its levels.

You collected 451 gold pieces.

Inventory:

Hand Weapons
 a - a +0 hand axe
 F - a +4 vorpal broad axe (weapon)
Missiles
 d - 135 stones (quivered)
Armour
 v - a +0 chain mail
 B - a +0 plate armour (worn)
Jewellery
 e - an uncursed ring of fire
 h - an uncursed ring of wizardry
 m - a +3 ring of intelligence
 s - a ring of protection from cold (left hand)
 y - a +2 ring of dexterity (right hand)
Wands
 G - a wand of flame (16)
Scrolls
 b - a scroll of random uselessness {unknown}
 f - 2 scrolls of amnesia
 k - 4 scrolls of enchant armour
 l - 6 scrolls of remove curse
 n - 2 scrolls of fear
 o - 2 scrolls of immolation
 q - 2 scrolls of fog
 x - a scroll of summoning
 z - a scroll of noise
 D - 2 scrolls of magic mapping
 E - a scroll of blinking
Potions
 g - 2 potions of flight {unknown}
 i - a potion of berserk rage {unknown}
 j - a potion of lignification {unknown}
 p - a potion of agility {unknown}
 r - 2 potions of ambrosia
 t - a potion of invisibility
 u - 3 potions of heal wounds
 w - 2 potions of mutation
 C - 2 potions of curing {unknown}
Comestibles
 c - 15 rations
 A - 4 chunks of flesh


   Skills:
 + Level 8.6(8.2) Fighting
 * Level 11.4(10.9) Axes
 + Level 8.1(7.7) Armour
 + Level 7.4(7.0) Dodging


You had 9 spell levels left.
You didn't know any spells.
Your spell library was empty.

Dungeon Overview and Level Annotations

Branches:
Dungeon (8/15)             Temple (0/1) D:4            Lair (0/6) D:8

Altars:
Gozag
Hepliaklqana
Okawaru
Ru
Zin

Shops:
D:4 *   D:5 :   D:7 }


Innate Abilities, Weirdness & Mutations

You reflexively headbutt those who attack you in melee.
You have a pair of horns on your head.


Message History

* * * LOW HITPOINT WARNING * * *
You feel your anger nearly subside.
The sky beast flickers out of sight!
Deactivating autopickup; reactivate with Ctrl-A.
The iguana barely misses you. You furiously retaliate!
You headbutt the iguana!!
You feel the power of Trog in you as your rage grows.
You kill the iguana!
Trog accepts your kill.
You see here a ring of protection from cold.
You are no longer berserk.
You are exhausted.
You feel yourself slow down.
You hit the death yak but do no damage.
The death yak is severely wounded.
The death yak gores you but does no damage.
You barely miss the death yak. Your headbutt misses the death yak.
The death yak is severely wounded.
The death yak gores you!
You die...

#... #.....#.#
.# #.<.
#....^#.####.#
.....
#######..)...#
######
#..)...#
......
#......#
#)..#.
#......#
......
###......#
#...#.
#....(.....<
......
#@####.###.#
########
#Y####..##..#
......>#
#YYY...... .#
.#######
#YY..{..... ##
#..#.......
#(....#...
#....## ..
#..)#. .
#.....>


You could see 5 death yaks.

Vanquished Creatures
  Psyche (D:8)
  Grinder (D:6)
  A hippogriff (D:7)
  Sigmund (D:5)
  A spriggan (D:7)
  2 water moccasins (D:7)
  2 orc warriors
  An ice beast (D:5)
  A sky beast (D:7)
  3 black bears
  A phantom (D:5)
  3 ogres
  5 centaurs
  A big kobold (D:7)
  A water moccasin zombie (D:6)
  2 scorpions
  2 wights (D:8)
  A howler monkey (D:5)
  2 jellies
  3 crimson imps
  A centaur zombie (D:5)
  A centaur skeleton (D:6)
  A gnoll shaman (D:5)
  4 hounds
  A bullfrog zombie (D:5)
  2 orc priests
  3 orc wizards
  6 iguanas
  6 worker ants
  A hound zombie (D:7)
  A hound skeleton (D:7)
  A worker ant zombie (D:8)
  A howler monkey skeleton (D:4)
  3 gnolls (D:5)
  9 adders
  2 shadow imps
  An adder zombie (D:8)
  A worm (D:3)
  3 dart slugs
  A leopard gecko (D:6)
  13 orcs
  2 ball pythons
  10 giant cockroaches
  5 hobgoblins
  8 jackals
  4 quokkas
  10 bats
  7 frilled lizards
  12 goblins
  8 kobolds
  11 rats
174 creatures vanquished.

Notes
Turn   | Place    | Note
-------+----------+-------------------------------------------
     0 | D:1      | Archen the Minotaur Berserker began the quest for the Orb.
     0 | D:1      | Reached XP level 1. HP: 19/19 MP: 0/0
   136 | D:1      | Reached XP level 2. HP: 21/27 MP: 1/1
   161 | D:1      | Reached skill level 4 in Axes
   489 | D:1      | Reached ** piety under Trog
   806 | D:2      | Reached XP level 3. HP: 33/33 MP: 2/2
   874 | D:2      | You fall into a shaft and drop 1 floor!
  1077 | D:3      | Reached XP level 4. HP: 14/40 MP: 3/3
  1084 | D:3      | Reached skill level 5 in Axes
  1808 | D:3      | Reached XP level 5. HP: 47/47 MP: 4/4
  2213 | D:2      | Reached *** piety under Trog
  2362 | D:4      | Found a staircase to the Ecumenical Temple.
  2447 | D:4      | Reached XP level 6. HP: 29/55 MP: 5/5
  2813 | D:4      | Reached skill level 6 in Axes
  2976 | D:4      | Reached skill level 5 in Fighting
  3034 | D:4      | Found Lorhapi's Assorted Antiques.
  3306 | D:5      | Entered Level 5 of the Dungeon
  3309 | D:5      | Found an iron altar of Okawaru.
  3528 | D:5      | Reached XP level 7. HP: 61/61 MP: 6/6
  3582 | D:5      | Reached skill level 7 in Axes
  3633 | D:5      | Found a glowing silver altar of Zin.
  3714 | D:5      | Noticed Sigmund
  3729 | D:5      | Killed Sigmund
  3729 | D:5      | Reached skill level 5 in Armour
  3850 | D:5      | Reached XP level 8. HP: 70/70 MP: 7/7
  3936 | D:5      | Reached skill level 8 in Axes
  3936 | D:5      | Reached skill level 5 in Dodging
  3984 | D:5      | Found Jithrink's Book Shoppe.
  4254 | D:6      | Found a hazy altar of Hepliaklqana.
  4469 | D:6      | Noticed Grinder
  4480 | D:6      | Paralysed by something for 6 turns
  4490 | D:6      | Paralysed by something for 5 turns
  4509 | D:6      | Killed Grinder
  4509 | D:6      | Reached skill level 9 in Axes
  4858 | D:6      | Reached **** piety under Trog
  5290 | D:7      | Reached XP level 9. HP: 76/79 MP: 8/8
  5368 | D:7      | Reached skill level 10 in Axes
  5456 | D:7      | Found a sacrificial altar of Ru.
  5636 | D:7      | Found Geawiyscho's Gadget Shop.
  5868 | D:7      | Found an opulent altar of Gozag.
  5868 | D:7      | Found an iron altar of Okawaru.
  5929 | D:7      | Reached skill level 11 in Axes
  6018 | D:8      | Noticed Psyche
  6028 | D:8      | Reached ***** piety under Trog
  6028 | D:8      | Received a gift from Trog
  6079 | D:8      | Killed Psyche
  6190 | D:8      | Reached XP level 10. HP: 87/90 MP: 9/9
  6297 | D:8      | Noticed a death yak
  6297 | D:8      | Noticed a death yak
  6299 | D:8      | Found a staircase to the Lair.
  6299 | D:8      | Noticed a death yak
  6299 | D:8      | Noticed a death yak
  6302 | D:8      | Noticed a death yak
  6311 | D:8      | Slain by a death yak

Levels and vault maps discovered:
D:1:      scummos_arrival_checkerplants, layout_basic,
          chequers_decorated_corner, minmay_statues_item
D:2:      layout_basic, first_ration
D:3:      minmay_door_path, layout_basic
D:4:      layout_loops_corners, minmay_temple_entry_waves, serial_shops,
          shop_statue
D:5:      layout_gridville, kennysheep_little_box, serial_shops,
          kennysheep_mini, okawaru_trees_1, uniq_sigmund
D:6:      layout_cave_pools, lemuel_crystal_altar, grunt_tough_drop,
          uniq_grinder
D:7:      layout_cave_pools, nicolae_ru_great_annihilating_truth,
          amethyst_overflow_temple_binary, serial_shops, nicolae_shop_crystal,
          the_bakery
D:8:      layout_basic, lemuel_coloured_pillars_altar, dpeg_lair_monsters,
          minmay_misc_feat_hallway, uniq_psyche

Skill      XL: |  1  2  3  4  5  6  7  8  9 |
---------------+----------------------------+-----
Axes           | 4 5 6 7 9 11 | 11.4
Fighting       | 4 5 6 7 8 |  8.6
Armour         | 3 4 5 6 8 |  8.1
Dodging        | 3 4 6 7 |  7.4

Action                   |  1- 3 |  4- 6 |  7- 9 | 10-12 || total
-------------------------+-------+-------+-------+-------++-------
Melee: Hand axe          |    79 |   121 |   259 |       ||   459
       Headbutt          |     9 |    28 |    65 |     5 ||   107
       Broad axe         |       |       |    15 |    15 ||    30
Invok: Berserk           |       |     1 |     3 |     1 ||     5
  Use: Scroll            |       |     6 |     7 |       ||    13
 Stab: Paralysed         |       |       |     2 |       ||     2
       Sleeping          |       |       |     1 |       ||     1
  Eat: Chunk             |     1 |     8 |    12 |       ||    21
Armor: Animal skin       |     1 |       |       |       ||     1
       Ring mail         |    22 |    27 |       |       ||    49
       Chain mail        |       |    14 |   102 |       ||   116
       Plate armour      |       |       |    22 |     8 ||    30
Dodge: Dodged            |    48 |    65 |   139 |    11 ||   263

Table legend:
 A = Non-vault XP
 B = Vault XP
 C = Vault XP percentage of total XP
 D = Non-vault monster count
 E = Vault monster count
 F = Vault count percentage of total count
                 A         B        C        D         E       F
            +---------+---------+-------+---------+---------+-------
      Total |    4274 |    1559 |  26.7 |     158 |      16 |   9.2
            +---------+---------+-------+---------+---------+-------
        D:1 |      37 |       0 |   0.0 |      26 |       0 |   0.0
        D:2 |      73 |       0 |   0.0 |      18 |       0 |   0.0
        D:3 |     131 |       6 |   4.4 |      24 |       4 |  14.3
        D:4 |     236 |       0 |   0.0 |      11 |       0 |   0.0
        D:5 |     772 |     220 |  22.2 |      21 |       1 |   4.5
        D:6 |     517 |     636 |  55.2 |      17 |       5 |  22.7
        D:7 |    1924 |     258 |  11.8 |      27 |       5 |  15.6
        D:8 |     584 |     439 |  42.9 |      14 |       1 |   6.7
            +---------+---------+-------+---------+---------+-------
